 Dungeon Crawl Stone Soup version 0.27.1-34-g3ba077fa99 (webtiles) character file.

Game seed: 18124411153744480051

144 cbfl8 the Sneak (level 5, -2/47 HPs)
             Began as a Minotaur Delver on Jan 27, 2022.
             Slain by a black bear (5 damage)
             ... on level 3 of the Dungeon.
             The game lasted 00:04:48 (2159 turns).

cbfl8 the Sneak (Minotaur Delver)                   Turns: 2159, Time: 00:04:48

Health: -2/47      AC: 12    Str: 15 (17) XL:     5   Next: 5%
Magic:  13/13      EV:  6    Int:  6 (7)  God:
Gold:   95         SH:  0    Dex:  9 (12) Spells: 4/4 levels left

rFire    + . .     SeeInvis .   a - +0 hand axe
rCold    + . .     Faith    .   (no shield)
rNeg     . . .     Spirit   .   k - +4 chain mail
rPois    +         Reflect  .   (helmet restricted)
rElec    +         Harm     .   (no cloak)
rCorr    +         Rampage  .   (no gloves)
Will     .....                  (no boots)
Stlth    ..........             (no amulet)
HPRegen  0.15/turn              h - ring of magical power
MPRegen  0.13/turn              (no ring)

@: brilliant, resistant
A: horns 2, retaliatory headbutt
a: no special abilities


You were on level 3 of the Dungeon.
You visited 1 branch of the dungeon, and saw 5 of its levels.

You collected 95 gold pieces.

Inventory:

Hand Weapons
 a - a +0 hand axe (weapon)
Missiles
 i - 12 bolts
Armour
 b - a +0 leather armour
 j - a +0 leather armour of willpower
 k - a +4 chain mail (worn)
Jewellery
 h - a ring of magical power (left hand)
Wands
 g - a wand of digging (3)
Scrolls
 d - a scroll of magic mapping
 n - a scroll of immolation
 s - a scroll of identify


   Skills:
 + Level 4.4 Fighting
 + Level 3.7 Axes
 + Level 1.6 Armour
 + Level 2.4 Dodging
 + Level 5.0 Stealth


You had 4 spell levels left.
You didn't know any spells.
Your spell library contained the following spells:

 Spells                   Type           Power      Damage    Failure   Level
 Slow                     Hex            0%         N/A       100%        2
 Confusing Touch          Hex            0%         N/A       100%        3
 Yara's Violent Unravell  Hex/Tmut       0%         3d3       100%        5


Dungeon Overview and Level Annotations

Branches:
Dungeon (5/15)
 Temple: D:4-7

Altars:
Qazlal
Ru
Zin


Innate Abilities, Weirdness & Mutations

You have a pair of horns on your head.
You reflexively headbutt those who attack you in melee.


Message History

The black bear bites you but does no damage.
The black bear claws you but does no damage. x2
The gnoll hits you but does no damage.
As you read the scroll labelled HEZAPT EFACHENOHAN, it crumbles to dust.
It is a scroll of amnesia.
You feel forgetful for a moment.
The black bear bites you but does no damage.
The black bear claws you but does no damage. x2
The gnoll hits you from afar with a +0 spear.
* * * LOW HITPOINT WARNING * * *
This is a scroll of acquirement!
Something appears at your feet!
The black bear bites you but does no damage.
The black bear claws you but does no damage. x2
The gnoll hits you from afar with a +0 spear.
* * * LOW HITPOINT WARNING * * *
You see here a +0 flail.
You see here a +0 flail.
You aren't carrying any potions.
As you read the scroll of fog, it crumbles to dust.
The scroll dissolves into smoke.
The black bear bites you but does no damage.
The black bear claws you but does no damage. x2
The gnoll hits you from afar with a +0 spear.
* * * LOW HITPOINT WARNING * * *
The black bear bites you but does no damage.
The black bear closely misses you.
The black bear claws you but does no damage.
The gnoll hits you from afar with a +0 spear.
* * * LOW HITPOINT WARNING * * *
The gnoll hits you but does no damage. The black bear barely misses you.
The black bear claws you but does no damage. x2
The black bear bites you but does no damage.
The black bear closely misses you.
The black bear claws you but does no damage.
The gnoll hits you but does no damage.
You see here a quokka corpse.
The black bear bites you.
You die...

###)# *,,,,,* #.#####
#$# ******* #.# #)#
#.# #§# #.# #§# #g#
##§## ### #.# #§§§##
##.###.# #§§§§#
#...##.#
#§§§§##########@....#
####§§.†....g.h.#####
##############


You could see a black bear and a gnoll.

Vanquished Creatures
  A hound skeleton (D:4)
  4 gnolls (D:3)
  3 adders
  2 worms
  4 orcs (D:3)
  4 ball pythons
  3 bats
  9 endoplasms
  2 giant cockroaches (D:1)
  2 goblins (D:1)
  3 hobgoblins
  3 quokkas
  10 frilled lizards
  2 kobolds (D:1)
  9 rats
61 creatures vanquished.

Vanquished Creatures (others)
  38 plants
38 creatures vanquished.

Grand Total: 99 creatures vanquished

Notes
Turn   | Place    | Note
-------+----------+-------------------------------------------
     0 | D:5      | cbfl8 the Minotaur Delver began the quest for the Orb.
     0 | D:5      | Reached XP level 1. HP: 19/19 MP: 0/0
    26 | D:4      | Reached XP level 2. HP: 22/27 MP: 1/1
   118 | D:3      | Reached XP level 3. HP: 25/33 MP: 2/2
   454 | D:3      | Found a faded altar of an unknown god.
   655 | D:2      | Found a glowing silver altar of Zin.
   838 | D:1      | Reached skill level 5 in Stealth
  1178 | D:1      | Reached XP level 4. HP: 40/40 MP: 3/3
  1789 | D:2      | Reached skill level 1 in Armour
  1997 | D:3      | Found a sacrificial altar of Ru.
  1999 | D:3      | Found a stormy altar of Qazlal.
  2114 | D:3      | Noticed a black bear
  2129 | D:3      | Reached XP level 5. HP: 20/47 MP: 4/4
  2136 | D:3      | Identified a scroll of acquirement
  2136 | D:3      | Acquired 1313 gold pieces
  2141 | D:3      | HP: 1/47 [gnoll (2)]
  2159 | D:3      | Slain by a black bear

Illustrated notes

Levels and vault maps discovered:
D:1:      scummos_arrival_forest, layout_basic
D:2:      layout_basic, basic_altar, minmay_lizard_king
D:3:      layout_loops_cross, jmf_multi_god_temple,
          shapermc_ecumenical_altar_mp_highgroup, serial_bayou_lagoon_a,
          chequers_avenue
D:4:      layout_loops_ring, minmay_temple_entry_gardened_gates,
          chequers_serial_rivers_micro_d, roderic_cross_of_infinity
D:5:      layout_gridville, fiery_altar_vehumet, serial_shops, shop_fountains,
          minmay_door_square, uniq_sigmund

Skill      XL: |  1  2  3  4 |
---------------+-------------+-----
Stealth        | 5 |  5.0
Axes           | 3 |  3.7
Fighting       | 4 |  4.4
Armour         | 1 |  1.6
Dodging        | |  2.4

Action                   |  1- 3 |  4- 6 || total
-------------------------+-------+-------++-------
Melee: Hand axe          |    56 |    65 ||   121
       Headbutt          |     7 |    11 ||    18
  Use: Potion            |       |     5 ||     5
       Scroll            |       |     7 ||     7
 Stab: Sleeping          |     2 |       ||     2
Armor: Leather armour    |     9 |       ||     9
       Chain mail        |     9 |    65 ||    74
Dodge: Dodged            |    45 |    42 ||    87
